 Dungeon Crawl Stone Soup version 0.30-a0-39-g42789b21ef (webtiles) character file.

Game seed: 2076632203949872438

100 drugrobin the Sneak (level 4, -18/37 HPs)
             Began as a Demigod Delver on Aug 28, 2022.
             Demolished by a wight
             ... wielding a +3 great sword
              (21 damage)
             ... on level 6 of the Dungeon.
             The game lasted 00:02:00 (576 turns).

drugrobin the Sneak (Demigod Delver)                 Turns: 576, Time: 00:02:01

Health: -18/37     AC:  5    Str: 13    XL:     4   Next: 23%
Magic:  6/6        EV: 16    Int: 12    God:
Gold:   22         SH:  0    Dex: 19    Spells: 3/3 levels left

rFire   . . .      SeeInvis .    b - +4 sling
rCold   . . .      Faith    .    (no shield)
rNeg    . . .      Spirit   .    i - +0 leather armour
rPois   .          Reflect  .    p - +0 helmet
rElec   .          Harm     .    r - +0 cloak
rCorr   .          Rampage  .    (no gloves)
Will    .....                    (no boots)
Stlth   +++.......               (no amulet)
HPRegen 0.12/turn                h - +4 ring of evasion
MPRegen 0.10/turn                (no ring)

@: no status effects
A: high MP 1, forlorn, divine attributes
a: no special abilities


You were on level 6 of the Dungeon.
You visited 1 branch of the dungeon, and saw 2 of its levels.

You collected 22 gold pieces.

Inventory:

Hand Weapons
 a - a +0 short sword
 b - a +4 sling (weapon)
Armour
 i - a +0 leather armour (worn)
 l - a +0 chain mail
 p - a +0 helmet (worn)
 r - a +0 cloak (worn)
Jewellery
 h - a +4 ring of evasion (left hand)
Wands
 g - a wand of digging (3)
 n - a wand of light (11)
Scrolls
 c - a scroll of fog
 d - 2 scrolls of magic mapping
 e - a scroll of fear
 k - a scroll of vulnerability {unknown}
 o - a scroll of identify {unknown}
 q - a scroll of immolation {unknown}
 s - a scroll of noise {unknown}
Potions
 f - a potion of haste
 j - a potion of heal wounds {unknown}
 m - a potion of lignification {unknown}


   Skills:
 - Level 2.6 Fighting
 + Level 4.3 Short Blades
 - Level 1.7 Dodging
 - Level 4.5 Stealth


You had 3 spell levels left.
You didn't know any spells.
Your spell library was empty.

Dungeon Overview and Level Annotations

Branches:
Dungeon (6/15)
 Temple: D:4-7


Innate Abilities, Weirdness & Mutations

You have an increased reservoir of magic. (+10% MP)
You shall have no god before yourself.
Your divine heritage dramatically boosts your attributes as you level up.


Message History

The wight barely misses you.
Unknown command.
Unknown command.
Fire: b) +4 sling
Press: ? - help, Q - select action, (/) - cycle Shift-Dir - straight line, f/p - wight
Aim: a wight, wielding a +3 great sword and wearing a +0 robe (64% to hit)
You shoot a sling bullet. The sling bullet hits the wight!
The wight is heavily damaged.
The wight misses you.
Unknown command.
Unknown command.
Fire: b) +4 sling
Press: ? - help, Q - select action, (/) - cycle Shift-Dir - straight line, f/p - wight
Aim: a wight, wielding a +3 great sword and wearing a +0 robe (moderately damaged, 64% to hit)
You shoot a sling bullet.
The sling bullet hits the wight but does no damage.
The wight is moderately damaged.
The wight hits you with a +3 great sword!!
The wight hits you with a +3 great sword!
* * * LOW HITPOINT WARNING * * *
Unknown command.
Unknown command.
Okay, then.
Okay, then.
Fire: b) +4 sling
Press: ? - help, Q - select action, (/) - cycle Shift-Dir - straight line, f/p - wight
Aim: a wight, wielding a +3 great sword and wearing a +0 robe (moderately damaged, 64% to hit)
You shoot a sling bullet.
The sling bullet closely misses the wight.
The wight closely misses you.
Unknown command.
Unknown command.
Fire: b) +4 sling
Press: ? - help, Q - select action, (/) - cycle Shift-Dir - straight line, f/p - wight
Aim: a wight, wielding a +3 great sword and wearing a +0 robe (moderately damaged, 64% to hit)
You shoot a sling bullet. The sling bullet hits the wight.
The wight is heavily damaged.
The wight hits you with a +3 great sword!!
Ouch! That really hurt!
You die...

.........#######..∩.
.................#.. .
##...#.#######.#.. .
...##.....#######.#..
...
................#.#..
..##
..#.##...###########
.... #.####.# ..# #.#
#.# + .## #@# #.# .# .#
.. #z# #.##.## .#
#..#.##.#.##.####.....#
.#
#..#.##.#.##..........#
.#
#..#.##.#.##.##########
.####..#.##.#...........
....#..#.##.#.##.#######
.####..#.##.#.##.#
.####............#######


You could see a wight.

Vanquished Creatures
  A scorpion (D:5)
  A jelly (D:5)
  An adder (D:6)
  A dart slug (D:5)
  2 kobolds (D:6)
6 creatures vanquished.

Notes
Turn   | Place    | Note
-------+----------+-------------------------------------------
     0 | D:5      | drugrobin the Demigod Delver began the quest for the Orb.
     0 | D:5      | Reached XP level 1. HP: 18/18 MP: 3/3
    63 | D:5      | Noticed a scorpion
    72 | D:5      | Killed a scorpion
    73 | D:5      | Reached XP level 2. HP: 6/25 MP: 4/4
    73 | D:5      | Reached XP level 3. HP: 7/30 MP: 5/5
   350 | D:5      | Reached XP level 4. HP: 37/37 MP: 6/6
   352 | D:5      | Noticed an ogre
   356 | D:5      | Noticed a phantom
   396 | D:6      | Noticed a kobold brigand
   576 | D:6      | Demolished by a wight

Illustrated notes

Levels and vault maps discovered:
D:5:      layout_basic, minmay_temple_entry_butterflies, serial_corexii_hall,
          corexii_hall_statues_s, corexii_hall_statues_i
D:6:      layout_basic, overflow_temple_1_default, nemelex_spade_bored_becter,
          abandoned_shop, kennysheep_small_spiral

Skill      XL: |  1  2  3 |
---------------+----------+-----
Short Blades   | 3 4 |  4.3
Fighting       | |  2.6
Dodging        | |  1.7
Stealth        | |  4.5

Action                   |  1- 3 |  4- 6 || total
-------------------------+-------+-------++-------
 Fire: Sling             |    14 |    14 ||    28
Dodge: Dodged            |     7 |     8 ||    15

Table legend: (Time is in decaauts)
 A = Elapsed time spent in this place.
 B = Non-inter-level travel time spent in this place.
 C = Inter-level travel time spent in this place.
 D = Time resting spent in this place.
 E = Time spent auto-exploring this place.
 F = Levels seen in this place.
 G = Mean time per level.
                   A        B        C        D        E       F      G
               +--------+--------+--------+--------+--------+-----+--------+
         Total |    586 |    586 |      0 |    221 |     87 |   2 |  293.0 |
       Dungeon |    586 |    586 |      0 |    221 |     87 |   2 |  293.0 |
               +--------+--------+--------+--------+--------+-----+--------+

Top non-repeatable levels by time:
     D:5: 386 daAuts
     D:6: 200 daAuts
